 Dungeon Crawl Stone Soup version 0.22.1-1-ga44c0e5 (webtiles) character file.

53 Benis312 the Skirmisher (level 3, 0/29 HPs)
             Began as a Demonspawn Abyssal Knight on Oct 31, 2018.
             Was a Follower of Lugonu.
             Slain by a worm (3 damage)
             ... on level 2 of the Dungeon.
             The game lasted 00:05:53 (1891 turns).

Benis312 the Skirmisher (Demonspawn Abyssal Knight) Turns: 1891, Time: 00:05:53

Health: 0/29       AC:  8    Str: 11 (13) XL:     3   Next: 62%
Magic:  4/4        EV:  9    Int: 10 (13) God:    Lugonu [*.....]
Gold:   58         SH:  0    Dex: 11 (12) Spells: 2/2 levels left

rFire    . . .     SeeInvis .   d - -1 short sword (curse)
rCold    . . .     Gourm    .   (no shield)
rNeg     . . .     Faith    .   g - +2 scale mail
rPois    .         Spirit   .   (no helmet)
rElec    .         Reflect  .   (no cloak)
rCorr    .         Harm     .   (no gloves)
MR       .....                  (no boots)
Stlth    +.........             (no amulet)
HPRegen  0.09/turn              (no ring)
MPRegen  0.09/turn              (no ring)

@: no status effects
A: nightstalker 1
a: Depart the Abyss, Renounce Religion


You were on level 2 of the Dungeon.
You worshipped Lugonu.
Lugonu was aware of your devotion.
You were very hungry.

You visited 1 branch of the dungeon, and saw 2 of its levels.
You visited the Abyss 1 time.

You collected 58 gold pieces.

Inventory:

Hand Weapons
 a - a +1 hand axe
 d - a cursed -1 short sword (weapon)
 k - a cursed -2 dagger
Armour
 b - a +1 leather armour
 g - a +2 scale mail (worn)
 i - a +0 troll leather armour
Scrolls
 h - a scroll of enchant weapon
Potions
 f - a potion of lignification {unknown}
Comestibles
 c - 3 rations


   Skills:
 + Level 3.2 Fighting
 + Level 0.3 Short Blades
 + Level 2.3 Axes
 + Level 2.5 Armour
 + Level 1.4 Dodging
 + Level 0.6 Stealth
 + Level 2.6 Invocations


You had 2 spell levels left.
You didn't know any spells.
Your spell library was empty.

Dungeon Overview and Level Annotations

Branches:
Dungeon (2/15)

Altars:


Innate Abilities, Weirdness & Mutations

You are slightly more attuned to the shadows.


Message History

You hit the worm but do no damage. The worm bites you.
You hit the worm but do no damage. The worm bites you.
You hit the worm but do no damage. You hit the worm but do no damage.
The worm bites you.
You hit the worm but do no damage. You hit the worm but do no damage.
You hit the worm.
The worm is lightly wounded.
The worm bites you.
You hit the worm.
The worm is moderately wounded.
The worm bites you!
* * * LOW HITPOINT WARNING * * *
It was a potion of degeneration.
There was something very wrong with that liquid.
You feel weakened.
You feel dopey.
You feel clumsy.
You hit the worm but do no damage.
The worm is moderately wounded.
The worm bites you.
You die...

#...###.##.......##.......##
#..)....###......##......##
#.#####.####.....##.....##
#. #....##..........## #.
###.####........## #.
#....####''#### #.
#..##>##....# #.
#..##.##.##.# #..@w..).##.#
......##.#####.#
########.#####.# #.......#
#########


You could see a worm.

Vanquished Creatures
  An ooze (D:2)
  A leopard gecko (D:1)
  9 bats
  3 hobgoblins
  8 jackals (D:1)
  2 ball pythons
  2 frilled lizards (D:1)
  4 goblins (D:1)
  10 kobolds
  4 rats (D:1)
44 creatures vanquished.

Notes
Turn   | Place    | Note
-------+----------+-------------------------------------------
     0 | Abyss:1  | Benis312 the Demonspawn Abyssal Knight began the quest for
                  | the Orb.
     0 | Abyss:1  | Reached XP level 1. HP: 18/18 MP: 2/2
   364 | Abyss:1  | Noticed a small abomination
   366 | D:1      | Escaped the Abyss
   823 | D:1      | Gained mutation: You are slightly more attuned to the
                  | shadows. [demonic ancestry]
   823 | D:1      | Reached XP level 2. HP: 23/24 MP: 3/3
   827 | D:1      | Reached skill level 1 in Dodging
   830 | D:1      | Reached * piety under Lugonu
  1205 | D:1      | Reached XP level 3. HP: 20/29 MP: 4/4
  1891 | D:2      | Slain by a worm

Skill      XL: |  1  2 |
---------------+-------+-----
Armour         | 2 |  2.5
Dodging        | 1 |  1.4
Axes           | 2 |  2.3
Fighting       | |  3.2
Short Blades   | |  0.3
Stealth        | |  0.6
Invocations    | |  2.6

Action                   || total
-------------------------++-------
Melee: Hand axe          ||    42
       Short sword       ||   158
Invok: Depart the Abyss  ||     1
  Use: Scroll            ||     9
       Potion            ||     3
  Eat: Chunk             ||     2
Armor: Leather armour    ||    23
       Scale mail        ||   130
Dodge: Dodged            ||   138
